 Dungeon Crawl Stone Soup version 0.31.0-1-g2c135a0 (webtiles) character file.

Game seed: 13003991859777648524

140399 jagoly the Destroyer (level 16, -10/134 HPs)
             Began as a Demigod Conjurer on Feb 4, 2024.
             Mangled by a goliath frog (16 damage)
             ... on level 2 of the Swamp.
             The game lasted 03:43:41 (31034 turns).

jagoly the Destroyer (Demigod Conjurer)            Turns: 31034, Time: 03:43:41

Health: -10/134    AC: 12    Str:  8    XL:     16   Next: 24%
Magic:  5/34       EV: 13    Int: 44    God:
Gold:   1924       SH:  9    Dex: 12    Spells: 5/34 levels left

rFire   + . .        a - +6 hand axe of Ikhlyf {drain, Int+4 SInv}
rCold   + . .        T - +2 buckler
rNeg    . . .        d - +2 robe {rC+ rF+}
rPois   +            P - +2 hat
rElec   .            t - +0 cloak
rCorr   .            n - +0 pair of gloves
SInv    +            M - +2 pair of boots
Will    ++...        i - amulet of magic regeneration
Stlth   ++           s - ring of willpower
HPRegen 0.42/turn    c - ring of poison resistance
MPRegen 0.64/turn

%: no passive effects
@: about to teleport, very slightly contaminated, very slow
A: high MP 1, forlorn, divine attributes
a: no special abilities


You were on level 2 of the Swamp.
You visited 4 branches of the dungeon, and saw 25 of its levels.
You also visited: Ice Cave and Volcano.

You collected 2370 gold pieces.
You spent 446 gold pieces at shops.

Inventory:

Hand Weapons
 a - the +6 hand axe of Ikhlyf (weapon) {drain, Int+4 SInv}
   (You found it on level 12 of the Dungeon)

   Int+4:     It affects your intelligence (+4).
   SInv:      It lets you see invisible.
 b - the +9 rapier "Utinlue" {vamp, rN+ Int+4}
   (You found it on level 14 of the Dungeon)

   Int+4:     It affects your intelligence (+4).
   rN+:       It protects you from negative energy.
 w - a +9 demon whip of electrocution
Missiles
 g - 19 boomerangs (quivered)
 A - 50 poisoned darts
 I - 10 darts of dispersal
Armour
 d - a +2 robe of resistance (worn)
 n - a +0 pair of gloves (worn)
 t - a +0 cloak (worn)
 M - a +2 pair of boots (worn)
 P - a +2 hat (worn)
 T - a +2 buckler (worn)
Magical Staves
 E - a staff of fire
 R - a staff of earth
Jewellery
 c - a ring of poison resistance (right hand)
 h - a ring of wizardry
 i - an amulet of magic regeneration (around neck)
 s - a ring of willpower (left hand)
 J - an amulet of the acrobat
 Q - a ring of flight
 W - a +5 ring of evasion
Wands
 m - a wand of acid (6)
 D - a wand of mindburst (33)
 O - a wand of paralysis (25)
 S - a wand of flame (45)
 X - a wand of roots (6)
Scrolls
 e - 2 scrolls of revelation
 q - a scroll of identify
 r - 3 scrolls of fear
 u - 3 scrolls of amnesia
 v - 3 scrolls of immolation
 x - 3 scrolls of blinking
 y - a scroll of butterflies
 B - a scroll of teleportation
 C - a scroll of poison
 F - 3 scrolls of enchant armour
 V - 2 scrolls of vulnerability
Potions
 f - 6 potions of brilliance
 j - 2 potions of heal wounds
 l - 4 potions of might
 o - 6 potions of curing
 z - 4 potions of mutation
 G - 4 potions of enlightenment
 H - 4 potions of haste
 K - a potion of cancellation
 N - 3 potions of invisibility
 Y - 2 potions of magic
Miscellaneous
 k - a tin of tremorstones (2/2)
 p - a phantom mirror
 Z - a box of beasts


   Skills:
 - Level 10.0 Fighting
 - Level 2.0 Maces & Flails
 - Level 2.0 Throwing
 - Level 6.0 Armour
 - Level 6.0 Dodging
 - Level 8.0 Stealth
 - Level 12.8 Shields
 * Level 9.6 Spellcasting
 - Level 12.8 Conjurations
 - Level 4.0 Translocations
 - Level 2.0 Ice Magic
 - Level 12.8 Earth Magic
 - Level 2.0 Alchemy
 - Level 2.0 Evocations


You had 5 spell levels left.
You knew the following spells:

 Your Spells              Type           Power      Damage    Failure   Level
a - Magic Dart            Conj           100%       1d8       0%          1
d - Lee's Rapid Deconstr  Erth           46%        3d22*     1%          5
f - Mephitic Cloud        Conj/Alch/Air  59%        N/A       1%          3
h - Hailstorm             Conj/Ice       72%        3d13      1%          3
s - Searing Ray           Conj           100%       2d8       0%          2
x - Bombard               Conj/Erth      46%        9d8       1%          6
T - Irradiate             Conj/Alch      36%        3d23      2%          5
X - Iskenderun's Mystic   Conj/Tloc      76%        2d15      1%          4

Your spell library contained the following spells:

 Spells                   Type           Power      Damage    Failure   Level
 Apportation              Tloc           100%       N/A       1%          1
 Foxfire                  Conj/Fire      100%       2x1d9     1%          1
 Shock                    Conj/Air       100%       1d9       1%          1
 Slow                     Hex            84%        N/A       1%          1
 Ensorcelled Hibernation  Hex/Ice        60%        N/A       1%          2
 Lesser Beckoning         Tloc           100%       N/A       1%          2
 Mercury Vapours          Alch/Air       60%        N/A       1%          2
 Dazzling Flash           Conj/Hex       100%       N/A       1%          3
 Gell's Gravitas          Tloc           54%        N/A       1%          3
 Teleport Other           Tloc           54%        N/A       1%          3
 Fulminant Prism          Conj/Alch      36%        3d17      1%          4
 Leda's Liquefaction      Alch/Erth      36%        N/A       1%          4
 Petrify                  Alch/Erth      72%        N/A       1%          4
 Frozen Ramparts          Ice            76%        1d12      2%          3
 Ozocubu's Armour         Ice            38%        N/A       2%          3
 Summon Ice Beast         Ice/Summ       30%        N/A       3%          3
 Manifold Assault         Tloc           54%        N/A       3%          4
 Passage of Golubria      Tloc           54%        N/A       3%          4
 Arcjolt                  Conj/Air       33%        1d43      3%          5
 Borgnjor's Vile Clutch   Necr/Erth      33%        N/A       3%          5
 Confusing Touch          Hex            21%        N/A       5%          3
 Fugue of the Fallen      Necr           21%        N/A       5%          3
 Sigil of Binding         Hex            21%        N/A       5%          3
 Tukima's Dance           Hex            21%        N/A       5%          3
 Vampiric Draining        Necr           21%        2d7       5%          3
 Dimensional Bullseye     Hex/Tloc       19%        N/A       8%          4
 Vhi's Electric Charge    Tloc/Air       76%        N/A       8%          4
 Airstrike                Air            10%        2d(2-18)  19%         4
 Anguish                  Hex/Necr       10%        N/A       19%         4
 Animate Dead             Necr           21%        N/A       19%         4
 Summon Forest            Summ/Tloc      19%        N/A       22%         5
 Metabolic Englaciation   Hex/Ice        15%        N/A       32%         5
 Curse of Agony           Necr           21%        N/A       45%         5
 Silence                  Hex/Air        10%        N/A       45%         5
 Starburst                Conj/Fire      33%        6d10      21%         6
 Dispersal                Tloc           27%        N/A       47%         6
 Lehudib's Crystal Spear  Conj/Erth      46%        10d11     52%         8
 Sculpt Simulacrum        Ice/Alch       19%        N/A       77%         6
 Death Channel            Necr           10%        N/A       95%         6
 Plasma Beam              Fire/Air       10%        2x1d21    95%         6


Dungeon Overview and Level Annotations

Branches:
Dungeon (15/15) Zot: 24994  Temple (0/1) D:6            Lair (5/5) D:9 Zot: 20528
  Swamp (3/4) Lair:3 Zot: 17439  Spider (0/4) Lair:3        Slime (0/5) Lair:4
    Orc (2/2) D:12 Zot: 9375     Elf (0/3) Orc:2        Vaults (0/5) D:13
 Depths (0/4) D:15          IceCv (visited)         Volcano (visited)

Shops:
D:8 =   D:11 ?   Orc:1 [   Orc:2 ((*(

Portals:
Trove: D:13 (give +4 ice dragon scales)

Annotations:
Lair:2 Zackar's ghost, journeyman FoFi
Swamp:3 Mara


Innate Abilities, Weirdness & Mutations

You have an increased reservoir of magic. (+10% MP)
You shall have no god before yourself.
Your divine heritage dramatically boosts your attributes as you level up.


Message History

A bog body comes into view.
Cast which spell? (? or * to list)
Aiming: Bombard (dangerous; 1% risk of failure)
Press: ? - help, Shift-Dir - straight line, f - bog body
Aim: a bog body (wandering, hasn't noticed you, 81% to hit)
The iron shot hits the bog body!!!
You destroy the bog body!
You start resting.
Magic restored.
HP restored.
You start resting.
HP restored.
A fenstrider witch comes into view.
You're wearing all the rings you can.
Remove which one? (? for menu, Esc to cancel) < or
W - a +5 ring of evasion; > or
c - a ring of poison resistance You remove your +5 ring of evasion.
The fenstrider witch shouts!
s - a ring of willpower (left hand) Cast which spell? (? or * to list)
Aiming: Bombard (dangerous; 1% risk of failure)
Press: ? - help, Shift-Dir - straight line, f - fenstrider witch
Aim: a fenstrider witch, wearing a +0 robe (63% to hit)
Out of range.
Okay, then.
Unknown command.
There is a stone staircase leading up, spattered with blood here.
The fenstrider witch casts a spell at you.
You resist with almost no effort.
Cast which spell? (? or * to list)
You can't see any susceptible monsters within range! (Use Z to cast anyway.) Cast which spell? (? or * to list)
Aiming: Bombard (dangerous; 1% risk of failure)
Press: ? - help, Shift-Dir - straight line, f - fenstrider witch
Aim: a fenstrider witch, wearing a +0 robe (63% to hit)
The iron shot hits the fenstrider witch!!!
The fenstrider witch is heavily wounded.
The blast sends you backwards.
The fenstrider witch gestures at you while chanting.
You resist with almost no effort.
Cast which spell? (? or * to list)
Aiming: Bombard (dangerous; 1% risk of failure)
Press: ? - help, Shift-Dir - straight line, f/p - fenstrider witch
Aim: a fenstrider witch, wearing a +0 robe (heavily wounded, 63% to hit)
The iron shot hits the fenstrider witch!!!
You kill the fenstrider witch!
You hear a splash.
The blast sends you backwards.
Splash!
You fall into the shallow water.
Moving in this stuff is going to be slow.
You see here a hornet corpse.
There is a stone staircase leading up, spattered with blood here.
You start resting.
Magic restored.
You enter the shallow water.
Moving in this stuff is going to be slow.
A ghost crab comes into view.
You enter the shallow water.
Moving in this stuff is going to be slow.
Cast which spell? (? or * to list)
Aiming: Bombard (dangerous; 1% risk of failure)
Press: ? - help, Shift-Dir - straight line, f - ghost crab
Aim: a ghost crab (89% to hit)
The iron shot misses the ghost crab.
Cast which spell? (? or * to list)
Aiming: Bombard (dangerous; 1% risk of failure)
Press: ? - help, Shift-Dir - straight line, f/p - ghost crab
Aim: a ghost crab (89% to hit)
The iron shot hits the ghost crab!!!
The ghost crab is severely damaged.
The ghost crab breathes spectral mist at you.
The spectral mist engulfs you.
Cast which spell? (? or * to list)
Aiming: Bombard (dangerous; 1% risk of failure)
Press: ? - help, Shift-Dir - straight line, f/p - ghost crab
Aim: a ghost crab (severely damaged, 89% to hit)
The iron shot hits the ghost crab!!
You destroy the ghost crab!
You are engulfed in spectral mist.
Your Spellcasting skill increases to level 9!
Found an amulet of guardian spirit.
You are engulfed in spectral mist.
You are engulfed in spectral mist.
You enter the shallow water.
Moving in this stuff is going to be slow.
A will-o-the-wisp comes into view.
The will-o-the-wisp gives a chilling moan.
There is a stone staircase leading up, spattered with blood here.
Cast which spell? (? or * to list)
Aiming: Bombard (dangerous; 1% risk of failure)
Press: ? - help, Shift-Dir - straight line, f - will-o-the-wisp
Aim: a will-o-the-wisp (78% to hit)
The iron shot hits the will-o-the-wisp!!!
You destroy the will-o-the-wisp!
The blast sends you backwards.
There is a stone staircase leading up, spattered with blood here.
You start resting.
Magic restored.
HP restored.
Found a human skeleton.
L - a scroll of enchant weapon
As you read the scroll of enchant weapon, it crumbles to dust.
Your +8 demon whip of electrocution glows red for a while.
HP restored.
You enter the shallow water.
Moving in this stuff is going to be slow.
There is a stone staircase leading up, spattered with blood here.
You enter the shallow water.
Moving in this stuff is going to be slow.
You enter the shallow water.
Moving in this stuff is going to be slow.
There is a stone staircase leading down here.
You climb downwards.
There is a stone staircase leading up here.
You enter the shallow water.
Moving in this stuff is going to be slow.
You enter the shallow water.
Moving in this stuff is going to be slow.
Found a book of Displacement.
Found a stone staircase leading up.
An eleionoma comes into view.
Found 2 stones.
The eleionoma shouts!
The eleionoma flows through the trees.
The eleionoma splashes around in the water.
Cast which spell? (? or * to list)
Okay, then.
You enter the shallow water.
Moving in this stuff is going to be slow.
Found 27 gold pieces.
The eleionoma attacks as it pursues you!
The eleionoma hits you!
Cast which spell? (? or * to list)
Aiming: Bombard (dangerous; 1% risk of failure)
Press: ? - help, Shift-Dir - straight line, f - eleionoma
Aim: an eleionoma (78% to hit)
Okay, then.
Cast which spell? (? or * to list)
You erupt in a fountain of uncontrolled magic!
The eleionoma is blasted with magical radiation!!
The eleionoma is moderately wounded.
The eleionoma twists and deforms.
You are very lightly contaminated with residual magic.
Cast which spell? (? or * to list)
Okay, then.
Cast which spell? (? or * to list)
You erupt in a fountain of uncontrolled magic!
The eleionoma is blasted with magical radiation!!
The eleionoma is severely wounded.
The eleionoma twists and deforms.
The eleionoma splashes around in the water.
A tyrant leech comes into view.
Cast which spell? (? or * to list)
Aiming: Bombard (dangerous; 1% risk of failure)
Press: ? - help, Shift-Dir - straight line, f - eleionoma
Aim: an eleionoma (severely wounded, misshapen and mutated, 78% to hit)
The iron shot misses the eleionoma.
The eleionoma misses you.
Cast which spell? (? or * to list)
Aiming: Bombard (dangerous; 1% risk of failure)
Press: ? - help, Shift-Dir - straight line, f/p - eleionoma
Aim: an eleionoma (severely wounded, misshapen and mutated, 78% to hit)
The iron shot hits the eleionoma!!!
You kill the eleionoma!
You hear a splash.
An eleionoma bone magically twists into a wand of flame (18).
The blast sends you backwards.
Splash!
The tyrant leech bites you!!
The tyrant leech draws strength from your injuries!
Cast which spell? (? or * to list)
You erupt in a fountain of uncontrolled magic!
The tyrant leech is blasted with magical radiation!!
The tyrant leech is heavily wounded.
The tyrant leech twists and deforms.
You are lightly contaminated with residual magic.
You block the tyrant leech's attack.
Cast which spell? (? or * to list)
Aiming: Bombard (dangerous; 1% risk of failure)
Press: ? - help, Shift-Dir - straight line, f - tyrant leech
Aim: a tyrant leech (heavily wounded, misshapen and mutated, 63% to hit)
Okay, then.
Cast which spell? (? or * to list)
Aiming: Bombard (dangerous; 1% risk of failure)
Press: ? - help, Shift-Dir - straight line, f - tyrant leech
Aim: a tyrant leech (heavily wounded, misshapen and mutated, 63% to hit)
The iron shot hits the tyrant leech!!!
You kill the tyrant leech!
You enter the shallow water.
Moving in this stuff is going to be slow.
There is a stone staircase leading up here.
You start resting.
Magic restored.
HP restored.
You enter the shallow water.
Moving in this stuff is going to be slow.
Your magical contamination has completely faded away.
You enter the shallow water.
Moving in this stuff is going to be slow.
S - a wand of flame (45) (gained 18 charges)
You see here an eleionoma corpse.
You enter the shallow water.
Moving in this stuff is going to be slow.
You pick up a book of Displacement and begin reading...
You add the spell Lesser Beckoning to your library.
You now have 1924 gold pieces (gained 27).
You enter the shallow water.
Moving in this stuff is going to be slow.
Found an escape hatch in the ceiling.
Found a potion of cancellation.
You enter the shallow water.
Moving in this stuff is going to be slow.
An eleionoma comes into view.
The eleionoma shouts!
You hear a shout!
An alligator comes into view.
Cast which spell? (? or * to list)
Aiming: Bombard (dangerous; 1% risk of failure)
Press: ? - help, Shift-Dir - straight line, f - alligator
Aim: an alligator (81% to hit)
The iron shot hits the alligator!!!
The alligator is severely wounded.
A bloated husk comes into view.
The bloated husk moves out of view.
Cast which spell? (? or * to list)
Aiming: Bombard (dangerous; 1% risk of failure)
Press: ? - help, Shift-Dir - straight line, f/p - alligator
Aim: an alligator (severely wounded, 81% to hit)
The iron shot misses the alligator.
The iron shot hits the eleionoma!!
The eleionoma is heavily wounded.
A spriggan rider comes into view. It is wielding a +0 spear.
The spriggan rider moves out of view.
Cast which spell? (? or * to list)
Aiming: Bombard (dangerous; 1% risk of failure)
Press: ? - help, Shift-Dir - straight line, f - bloated husk, p - alligator
Aim: a bloated husk (92% to hit)
The iron shot hits the bloated husk!!!
The bloated husk explodes!
The blast of putrescent gases engulfs the eleionoma!!
The blast of putrescent gases engulfs the alligator!!
The alligator dies!
You hear a shout!
The eleionoma hurls a spray of splinters at you.
You block the spray of wooden splinters.
Cast which spell? (? or * to list)
Casting: Hailstorm (safe; 1% risk of failure)
Press: ? - help, Dir - look around, f - activate A cannonade of hail descends around you!
The hail pelts the spriggan rider!!
You kill the hornet!
The spriggan falls from its now dead mount.
The spriggan is almost dead.
The hail misses the eleionoma.
The eleionoma hurls a spray of splinters at you.
The spray of wooden splinters hits you.
Cast which spell? (? or * to list)
Casting: Hailstorm (safe; 1% risk of failure)
Press: ? - help, Dir - look around, f - activate A cannonade of hail descends around you!
The hail misses the spriggan.
The hail pelts the eleionoma!!
You kill the eleionoma!
The spriggan hits you but does no damage.
Cast which spell? (? or * to list)
Casting: Hailstorm (safe; 1% risk of failure)
Press: ? - help, Dir - look around, f - activate A cannonade of hail descends around you!
The hail pelts the spriggan!!
You kill the spriggan!
There is a stone staircase leading up here.
Things that are here:
a +0 spear; a +0 buckler; a spriggan corpse You start resting.
HP restored.
An alligator comes into view.
You start resting.
Magic restored.
You enter the shallow water.
Moving in this stuff is going to be slow.
You see here a hornet corpse.
Found 6 curare-tipped darts.
You enter the shallow water.
Moving in this stuff is going to be slow.
Cast which spell? (? or * to list)
You can't see any susceptible monsters within range! (Use Z to cast anyway.) Cast which spell? (? or * to list)
Okay, then.
You see here a potion of cancellation.
K - 2 potions of cancellation (gained 1)
A malevolent force fills the Swamp...
With a horrendous wail, an alarm goes off!
A sentinel's mark forms upon you.
You hear a shout! x2; You hear a roar!
You hear a deafening roar!
You hear a roar!
You hear a chilling moan. x2
Cast which spell? (? or * to list)
Aiming: Bombard (dangerous; 1% risk of failure)
Press: ? - help, Shift-Dir - straight line, f - alligator
Aim: an alligator (thin mist, 81% to hit)
The iron shot hits the alligator!!
The alligator is severely wounded.
Cast which spell? (? or * to list)
Aiming: Bombard (dangerous; 1% risk of failure)
Press: ? - help, Shift-Dir - straight line, f/p - alligator
Aim: an alligator (severely wounded, 81% to hit)
The iron shot hits the alligator!!!
You kill the alligator!
You enter the shallow water.
Moving in this stuff is going to be slow.
An eleionoma comes into view.
You enter the shallow water.
Moving in this stuff is going to be slow.
Cast which spell? (? or * to list)
Aiming: Bombard (dangerous; 1% risk of failure)
Press: ? - help, Shift-Dir - straight line, f - eleionoma
Aim: an eleionoma (78% to hit)
The iron shot misses the eleionoma.
A swamp worm comes into view. x3
Cast which spell? (? or * to list)
Aiming: Bombard (dangerous; 1% risk of failure)
Press: ? - help, Shift-Dir - straight line, f/p - eleionoma
Aim: an eleionoma (78% to hit)
The iron shot hits the eleionoma!!!
The eleionoma is severely wounded.
The blast sends you backwards.
Splash!
Cast which spell? (? or * to list)
You erupt in a fountain of uncontrolled magic!
The eleionoma is blasted with magical radiation!!
The eleionoma is almost dead.
The eleionoma twists and deforms.
You are very lightly contaminated with residual magic.
The swamp worm fires a harpoon shot at you.
The harpoon shot hits you.
You are yanked forward by the harpoon shot.
Splash!
A swamp drake comes into view.
You block the swamp worm's attack.
A swamp dragon comes into view.
The swamp worm fires a harpoon shot at you.
The harpoon shot hits you!
You are yanked forward by the harpoon shot.
Splash!
You fall into the shallow water.
Moving in this stuff is going to be slow.
You block the swamp worm's attack.
The eleionoma hurls a spray of splinters at you.
The spray of wooden splinters misses you.
You block the swamp worm's attack. The swamp worm barely misses you.
The eleionoma flows through the trees.
Cast which spell? (? or * to list)
You erupt in a fountain of uncontrolled magic!
The eleionoma is blasted with magical radiation!!
You kill the eleionoma!
The swamp worm is blasted with magical radiation!!
The swamp worm is severely wounded.
The swamp worm twists and deforms.
The swamp worm is blasted with magical radiation!!!
You kill the swamp worm!
The swamp worm closely misses you.
Cleave: a) +6 hand axe of Ikhlyf {drain, Int+4 SInv}
Press: ? - help, Dir - move target, f - swamp worm
Aim: a swamp worm (severely wounded, misshapen and mutated, about 36% to evade the +6 hand axe of Ikhlyf)
You closely miss the swamp worm.
The swamp worm is severely wounded.
The swamp worm bites you.
The swamp worm fires a harpoon shot at you.
You block the harpoon shot. The swamp worm barely misses you.
Cleave: a) +6 hand axe of Ikhlyf {drain, Int+4 SInv}
Press: ? - help, Dir - move target, f/p - swamp worm
Aim: a swamp worm (severely wounded, misshapen and mutated, about 36% to evade the +6 hand axe of Ikhlyf)
Your unstable footing causes you to fumble your attack.
The swamp worm barely misses you.
Mara, Lord of Illusions comes into view.
He is wielding a +2 vampiric demon trident and wearing a +1 robe of fire resistance.
The swamp worm bites you.
A swamp worm comes into view.
You block the swamp worm's attack.
The swamp drake attacks as it pursues you!
You block the swamp drake's attack. The swamp worm barely misses you.
There is a stone staircase leading up here.
Things that are here:
a +0 spear; a +0 buckler; a spriggan corpse Cast which spell? (? or * to list)
Okay, then.
The swamp worm fires a harpoon shot at you.
The harpoon shot hits you!
You stop ascending the stairs.
You are yanked forward by the harpoon shot.
Splash!
You fall into the shallow water.
Moving in this stuff is going to be slow.
The swamp drake barely misses you. Mara gestures at you.
There is a horrible, sudden wrenching feeling in your soul!
The swamp worm barely misses you.
Cast which spell? (? or * to list)
You erupt in a fountain of uncontrolled magic!
The swamp worm is blasted with magical radiation!!
The swamp worm is almost dead.
The swamp worm is blasted with magical radiation!!!
You kill the swamp worm!
The swamp drake is blasted with magical radiation!!!
You kill the swamp drake!
You are lightly contaminated with residual magic.
A tyrant leech comes into view.
The swamp worm closely misses you. The swamp dragon barely misses you.
You block the swamp dragon's attack.
The swamp dragon tramples you but does no damage.
The swamp worm fires a harpoon shot at you.
The harpoon shot hits you but does no damage.
The swamp dragon bites you. The swamp dragon claws you!
The swamp dragon barely misses you.
Mara says, "I mislead the hearts of men!"
There is a stone staircase leading up, spattered with blood here.
Items here: ) [ ††.
The swamp worm fires a harpoon shot at you.
The harpoon shot misses you. The swamp dragon barely misses you.
The swamp dragon claws you.
The swamp dragon tramples you but does no damage.
The swamp worm closely misses you.
You climb upwards.
The swamp worm fires a harpoon shot at you.
The harpoon shot hits you!
You are yanked forward by the harpoon shot.
You set off the alarm!
The alarm trap emits a blaring wail!
The mark upon you grows brighter.
Found 5 gold pieces.
You hear a deafening roar! x2; You hear a roar!
You hear a deafening roar!
You hear a roar!
You hear a deafening roar!
You hear a chilling moan.
Found a dyed leather armour.
Cast which spell? (? or * to list)
Aiming: Bombard (dangerous; 1% risk of failure)
Press: ? - help, Shift-Dir - straight line, f - swamp dragon
Aim: a swamp dragon (87% to hit)
The iron shot hits the swamp dragon!!!
The swamp dragon is severely wounded.
The blast sends you backwards.
Splash!
You fall into the shallow water.
Moving in this stuff is going to be slow.
The swamp worm misses you.
A bog body comes into view.
A thorn hunter comes into view.
A goliath frog comes into view.
You hit the swamp dragon. You drain the swamp dragon.
The swamp dragon is severely wounded.
You slash the swamp worm! You block the swamp worm's attack.
A bloated husk comes into view.
You block the swamp dragon's attack. The swamp dragon closely misses you.
The swamp dragon barely misses you.
A swamp dragon comes into view.
The swamp worm bites you!!
Cast which spell? (? or * to list)
You erupt in a fountain of uncontrolled magic!
The swamp worm is blasted with magical radiation!!
You kill the swamp worm!
The swamp dragon is blasted with magical radiation!!
You kill the swamp dragon!
The swamp dragon scales are intact enough to wear.
The swamp worm is blasted with magical radiation!!
The swamp worm is almost dead.
The swamp worm twists and deforms.
You are lightly contaminated with residual magic.
* * * LOW MAGIC WARNING * * *
A goliath frog comes into view.
You block the swamp worm's attack.
Your magical effects are unravelling.
You feel magically purged.
The sentinel's mark upon you fades away.
You block the swamp worm's attack.
As you read the scroll of teleportation, it crumbles to dust.
You feel strangely unstable. The swamp worm barely misses you.
The goliath frog hits you from afar!
* * * LOW HITPOINT WARNING * * *
You are splashed with acid!
* * * LOW HITPOINT WARNING * * *
Unknown command.
You feel much better. The swamp worm bites you!
* * * LOW HITPOINT WARNING * * *
The goliath frog hits you from afar!
* * * LOW HITPOINT WARNING * * *
You are splashed with acid.
* * * LOW HITPOINT WARNING * * *
You block the swamp worm's attack.
Read: 4 scrolls of fear
Press: ? - help, Dir - look around, f - activate Look: a goliath frog (chance to affect: 79%)
As you read the scroll of fear, it crumbles to dust.
You assume a fearsome visage.
The goliath frog looks frightened!
The swamp dragon looks frightened!
The goliath frog looks frightened!
The bog body is unaffected.
The thorn hunter is unaffected.
The bloated husk is unaffected.
The swamp worm looks frightened!
The bloated husk explodes!
The blast of putrescent gases engulfs you!!!
* * * LOW HITPOINT WARNING * * *
The blast of putrescent gases engulfs the goliath frog!!!
The attack snaps the goliath frog out of its fear.
The blast of putrescent gases engulfs the thorn hunter!!
The blast of putrescent gases engulfs the bog body!!
The blast of putrescent gases engulfs the goliath frog!!
The attack snaps the goliath frog out of its fear.
The blast of putrescent gases engulfs the swamp worm!!!
The swamp worm dies!
A swamp worm comes into view.
You block the goliath frog's attack. The goliath frog hits you from afar!
You die...

~§~~...~♣♣..§..
~.~~~~..♣......
♣♣.~~~~~.....~.
.♣..~~~~~§..$..~
...~~~n~~~~D...~
~..~~~~~~FF§~♣~♣
♣~~~~~~~~~~~.~~
♣.~~~~@f†...~♣
~♣♣.....[....♣♣♣
♣...~~~>~~...♣
.§.~~♣~.....~.♣
...~ ♣♣~♣♣.~~§~~
... ♣♣~ ..~~.[ .
. .....♣
.~~~~~w. ♣.
~~~~~


You could see a thorn hunter, a swamp dragon (fleeing), 2 goliath frogs, a bog
body and a swamp worm.

Vanquished Creatures
  Saint Roka (Orc:2)
  Kirke (D:13)
  A fenstrider witch (Swamp:2)
  A stone giant (Volcano)
  The ghost of Nurvuk the Grappler, a journeyman TrSh of Nemelex Xobeh (Lair:3)
  2 very ugly things (D:15)
  Nessos (D:12)
  3 eleionomae (Swamp:3)
  A bunyip (Swamp:2)
  Snorg (D:13)
  A fire dragon (Lair:5)
  2 rakshasas
  Josephine (D:10)
  Erolcha (D:10)
  3 vault guards (D:13)
  A catoblepas (D:13)
  4 hydras
  3 alligators
  A ghost crab (Swamp:2)
  2 ironbound frosthearts (IceCv)
  18 death yaks
  5 two-headed ogres
  6 boulder beetles
  A death knight (D:14)
  8 centaur warriors
  3 tengu warriors (D:14)
  4 orc high priests
  A deep troll earth mage (D:13)
  Nergalle (D:11)
  3 spriggans
  3 skeletal warriors (D:15)
  Amaemon (Lair:3)
  A goliath frog (Swamp:1)
  A swamp dragon (Swamp:2)
  A sun moth (shapeshifter) (D:8)
  A glowing orange brain (D:15)
  2 bog bodies
  2 lindwurms (Lair:5)
  5 orc knights (Orc:2)
  4 deep elf pyromancers
  A deep elf zephyrmancer (D:13)
  2 oklob plants
  20 ugly things
  4 orc sorcerers (Orc:2)
  5 cyclopes
  A will-o-the-wisp (Swamp:2)
  6 elephants (Lair:3)
  A shining eye (shapeshifter) (D:15)
  2 ice statues
  An orange demon (Lair:3)
  2 kobold blastminers (Orc:2)
  A black mamba (shapeshifter) (D:13)
  5 molten gargoyles
  10 black mambas
  11 cane toads
  2 gargoyles
  4 kobold demonologists
  A yaktaur (D:8)
  2 efreet
  4 unseen horrors
  A freezing wraith (D:15)
  14 komodo dragons
  An unseen horror (shapeshifter) (D:14)
  2 rime drakes (Lair:3)
  3 tengu conjurers
  9 trolls
  A polar bear (shapeshifter) (D:13)
  A bloated husk (Swamp:3)
  4 hornets
  10 polar bears
  9 blink frogs
  Grinder (D:3)
  A tyrant leech (Swamp:3)
  A raiju (shapeshifter) (D:13)
  11 dream sheep
  A shadow (D:13)
  A centaur simulacrum (D:14)
  Sigmund (D:4)
  20 slime creatures
  A vampire (D:10)
  A water elemental (D:13)
  7 wraiths
  43 yaks
  8 humans (D:13)
  10 wyverns
  4 basilisks
  2 wargs
  3 hogs (D:13)
  8 vampire mosquitoes
  5 fire bats
  2 fire elementals (Volcano)
  5 steam dragons
  3 swamp worms
  5 hell hounds (Lair:5)
  17 water moccasins
  31 orc warriors
  A swamp drake (shapeshifter) (D:13)
  2 swamp drakes
  2 ice beasts
  A sky beast (D:7)
  A black bear (D:5)
  9 ogres
  A boggart (D:8)
  52 wolves
  5 centaurs
  12 bullfrogs
  6 kobold brigands
  Blork the orc (D:4)
  6 gnoll sergeants
  An earth elemental (Volcano)
  3 wights (D:9)
  2 cane toad simulacra (Orc:1)
  3 scorpions (Lair:3)
  An elephant simulacrum (Orc:1)
  A hornet simulacrum (D:8)
  16 killer bees
  5 howler monkeys
  A vampire bat (D:8)
  2 bombardier beetles
  An electric eel (Lair:3)
  9 lava snakes
  9 jellies
  3 gnoll boudas
  4 hounds
  16 orc priests
  Crazy Yiuf (D:2)
  4 sleepcaps
  2 iguanas
  Ijyb (D:3)
  Terence (D:2)
  17 orc wizards
  3 spriggan simulacra (Orc:1)
  32 gnolls
  8 adders
  2 naga simulacra (Orc:1)
  2 shadow imps
  A white imp (D:5)
  3 dart slugs
  4 ribbon worms
  62 orcs
  13 bats
  9 endoplasms
  10 giant cockroaches
  10 goblins
  4 hobgoblins
  10 jackals
  20 kobolds
  3 quokkas
  12 ball pythons
  6 frilled lizards
  3 rats (D:1)
854 creatures vanquished.

Vanquished Creatures (collateral kills)
  3 boulder beetles (D:13)
  An ugly thing (D:13)
4 creatures vanquished.

Vanquished Creatures (others)
  An alligator (Swamp:3)
  A manticore (D:13)
  A bloated husk (Swamp:2)
  A yak (IceCv)
  A human (D:13)
  A swamp worm (Swamp:2)
  An orc wizard (D:13)
  2 orcs (D:13)
9 creatures vanquished.

Grand Total: 867 creatures vanquished

Notes
Turn   | Place    | Note
-------+----------+-------------------------------------------
     0 | D:1      | jagoly the Demigod Conjurer began the quest for the Orb.
     0 | D:1      | Reached XP level 1. HP: 14/14 MP: 5/5
   398 | D:1      | Reached XP level 2. HP: 22/22 MP: 5/7
   577 | D:1      | Learned a level 2 spell: Searing Ray
   843 | D:1      | Reached skill level 1 in Fighting
   908 | D:1      | Reached XP level 3. HP: 28/28 MP: 4/8
  1342 | D:2      | Found a runed translucent door.
  1343 | D:2      | Noticed Crazy Yiuf
  1495 | D:2      | Noticed Terence
  1513 | D:2      | Killed Terence
  1514 | D:2      | Reached XP level 4. HP: 36/36 MP: 5/9
  1713 | D:2      | Killed Crazy Yiuf
  1869 | D:3      | Reached skill level 5 in Conjurations
  1890 | D:3      | Noticed Grinder
  1992 | D:3      | Reached XP level 5. HP: 41/41 MP: 7/10
  2132 | D:3      | Noticed Ijyb
  2320 | D:4      | Noticed Sigmund
  2330 | D:4      | Noticed an ogre
  2444 | D:4      | Noticed Blork the orc
  2472 | D:4      | Killed Blork the orc
  2473 | D:4      | Reached XP level 6. HP: 48/48 MP: 6/11
  2798 | D:3      | Killed Ijyb
  2823 | D:3      | Learned a level 4 spell: Iskenderun's Mystic Blast
  3068 | D:3      | Killed Grinder
  3069 | D:3      | Reached skill level 1 in Armour
  3069 | D:3      | Reached skill level 1 in Translocations
  3069 | D:3      | Reached XP level 7. HP: 46/55 MP: 4/13
  3121 | D:5      | Entered Level 5 of the Dungeon
  4072 | D:6      | Reached XP level 8. HP: 61/61 MP: 11/14
  4308 | D:6      | Found a staircase to the Ecumenical Temple.
  4859 | D:4      | Killed Sigmund
  4860 | D:4      | Reached skill level 10 in Conjurations
  4940 | D:7      | Identified the +6 war axe of Rurec {vamp, Dex+4}
  5157 | D:7      | Reached XP level 9. HP: 68/68 MP: 8/16
  5928 | D:8      | Learned a level 3 spell: Mephitic Cloud
  6094 | D:8      | Found Vaethrae's Jewellery Shoppe.
  6308 | D:8      | Reached skill level 1 in Alchemy
  6388 | D:8      | Noticed a yaktaur
  6388 | D:8      | Noticed a black mamba
  6388 | D:8      | Noticed a centaur warrior
  6389 | D:8      | Found a runed translucent door.
  6391 | D:8      | Noticed a white ugly thing
  6391 | D:8      | Noticed a cyclops
  6391 | D:8      | Noticed a boulder beetle
  6911 | D:9      | Reached skill level 1 in Earth Magic
  6973 | D:9      | Reached XP level 10. HP: 77/78 MP: 16/19
  7435 | D:9      | Reached skill level 5 in Earth Magic
  7876 | D:9      | Found a staircase to the Lair.
  8117 | D:9      | Learned a level 5 spell: Lee's Rapid Deconstruction
  8159 | D:10     | Entered Level 10 of the Dungeon
  8179 | D:10     | Noticed a two-headed ogre
  8225 | D:10     | Noticed a two-headed ogre
  8268 | D:10     | Killed a two-headed ogre
  8281 | D:10     | Killed a two-headed ogre
  8384 | D:10     | Noticed Erolcha
  8400 | D:10     | Killed Erolcha
  8505 | D:10     | Reached XP level 11. HP: 68/84 MP: 5/20
  8776 | D:10     | Noticed Josephine
  8789 | D:10     | Killed Josephine
  9420 | D:11     | Found Peor's Magic Scroll Shoppe.
  9423 | D:11     | Bought a scroll of enchant weapon for 120 gold pieces
  9423 | D:11     | Bought a scroll of blinking for 120 gold pieces
  9423 | D:11     | Bought a scroll of revelation for 120 gold pieces
  9423 | D:11     | Bought a scroll of noise for 16 gold pieces
  9554 | D:11     | Reached skill level 10 in Earth Magic
  9761 | D:11     | Reached skill level 5 in Spellcasting
  9866 | D:11     | Noticed Nergalle
 10032 | D:11     | Killed Nergalle
 10310 | Lair:1   | Entered Level 1 of the Lair of Beasts
 10882 | Lair:1   | Noticed a death yak
 11003 | Lair:1   | Reached skill level 1 in Maces & Flails
 11003 | Lair:1   | Reached skill level 1 in Evocations
 11366 | Lair:1   | Noticed a death yak
 11366 | Lair:1   | Noticed a death yak
 11417 | Lair:1   | Killed a death yak
 11540 | Lair:1   | Noticed a death yak
 11571 | Lair:1   | Killed a death yak
 11572 | Lair:1   | Reached XP level 12. HP: 41/91 MP: 10/25
 12805 | Lair:1   | Learned a level 6 spell: Bombard
 13457 | Lair:2   | Noticed a boulder beetle
 13471 | Lair:2   | Killed a boulder beetle
 13720 | Lair:2   | Noticed a seven-headed hydra
 13727 | Lair:2   | Killed a seven-headed hydra
 13963 | Lair:2   | Found a runed translucent gate.
 14016 | Lair:2   | Found a runed translucent gate.
 14016 | Lair:2   | Found a runed translucent gate.
 14016 | Lair:2   | Noticed Zackar's ghost (journeyman FoFi)
 14772 | Lair:3   | Noticed Nurvuk's ghost (journeyman TrSh)
 14831 | Lair:3   | Found a runed translucent gate.
 14831 | Lair:3   | Found a runed translucent gate.
 14831 | Lair:3   | Found a runed translucent gate.
 14832 | Lair:3   | Noticed Amaemon
 14837 | Lair:3   | Killed Amaemon
 15022 | Lair:3   | Reached XP level 13. HP: 96/96 MP: 8/26
 15259 | Lair:3   | Found a staircase to the Swamp.
 15422 | Lair:3   | Found a hole to the Spider Nest.
 15898 | Lair:4   | Reached skill level 5 in Fighting
 16046 | Lair:4   | Found a staircase to the Slime Pits.
 16302 | Lair:4   | Reached skill level 5 in Stealth
 16471 | Lair:4   | Reached skill level 5 in Dodging
 16526 | Lair:4   | Reached skill level 5 in Armour
 17106 | Lair:5   | Entered Level 5 of the Lair of Beasts
 18468 | Lair:5   | Found a large runed translucent door.
 18469 | Lair:5   | Found a large runed translucent door.
 19377 | D:12     | Noticed Nessos
 19418 | D:12     | Reached skill level 1 in Shields
 19699 | D:12     | Reached XP level 14. HP: 102/115 MP: 4/27
 19701 | D:12     | Found a staircase to the Orcish Mines.
 20228 | Orc:1    | Entered Level 1 of the Orcish Mines
 20566 | Orc:1    | Found a frozen archway.
 20616 | IceCv    | Entered an ice cave
 21049 | IceCv    | Reached skill level 5 in Shields
 21745 | IceCv    | Learned a level 3 spell: Hailstorm
 21854 | Orc:1    | Found Uleotege's Armour Boutique.
 22562 | Orc:2    | Entered Level 2 of the Orcish Mines
 22634 | Orc:2    | Reached skill level 1 in Ice Magic
 22716 | Orc:2    | Found a staircase to the Elven Halls.
 22903 | Orc:2    | Noticed Saint Roka
 22963 | Orc:2    | Killed Saint Roka
 22970 | Orc:2    | Found a dark tunnel.
 23028 | Volcano  | Entered a volcano
 24143 | Orc:2    | Found Rotoisk's Weapon Shop.
 24143 | Orc:2    | Found Akodd's Weapon Emporium.
 24145 | Orc:2    | Found Azxosas's Weapon Shop.
 24145 | Orc:2    | Found Zixtongi's General Store.
 24484 | Orc:2    | Bought a potion of enlightenment for 70 gold pieces
 24617 | D:12     | Reached skill level 10 in Shields
 24793 | D:12     | Killed Nessos
 24964 | D:12     | Identified the +6 hand axe of Ikhlyf {drain, Int+4 SInv}
 25122 | D:13     | Found a portal to a secret trove of treasure.
 25318 | D:13     | Noticed Snorg
 25362 | D:13     | Killed Snorg
 25523 | D:13     | Reached XP level 15. HP: 121/121 MP: 16/28
 26306 | D:13     | Found a gate to the Vaults.
 26442 | D:13     | Noticed Kirke
 26450 | D:13     | Killed Kirke
 28006 | D:14     | You fall into a shaft and drop 1 floor!
 28006 | D:15     | Entered Level 15 of the Dungeon
 28176 | D:14     | Identified the +9 rapier "Utinlue" {vamp, rN+ Int+4}
 28188 | D:14     | Got Sif Muna's Parchment of Hyperbolic Reagents
 29603 | D:15     | Reached skill level 10 in Fighting
 29638 | D:15     | Found a staircase to the Depths.
 29925 | D:8      | Got the Octavo of the Squall
 30235 | Lair:3   | Reached XP level 16. HP: 125/134 MP: 23/32
 30285 | Lair:3   | Killed Nurvuk's ghost
 30379 | Lair:3   | Learned a level 5 spell: Irradiate
 30413 | Swamp:1  | Entered Level 1 of the Swamp
 31021 | Swamp:3  | Noticed Mara
 31024 | Swamp:3  | Noticed jagoly's illusion
 31034 | Swamp:2  | HP: 6/134 [spore (43)]
 31034 | Swamp:2  | Mangled by a goliath frog

Illustrated notes

Levels and vault maps discovered:
D:1:      moated_graveyard_arrival, layout_loops_cross, minmay_octomino_c4
D:2:      layout_rooms, ebering_ecumenical_altar_ruins, uniq_crazy_yiuf_cottage,
          uniq_terence
D:3:      layout_rooms, nicolae_gozag_seed_capital, uniq_grinder, uniq_ijyb
D:4:      layout_basic, mainiacjoe_overflow_chevrons,
          mainiacjoe_overflow_small_starburst, supply_closet_lemuel,
          minmay_bent, uniq_sigmund, uniq_blork_the_orc
D:5:      minmay_general_purpose_star, layout_basic
D:6:      layout_loops_cross, amcnicky_altar_gilded,
          minmay_temple_entry_statues_pillars
D:7:      layout_cave_pools, mainiacjoe_overflow_catwalk
D:8:      minmay_gate_of_8, layout_loops_ring, cheibriados_altar_1,
          grunt_temple_overflow_open, mainiacjoe_overflow_alcove_2,
          serial_shops, shop, roderic_batcave, hangedman_abyss_or_decor_passed,
          minmay_misc_feat_more_columns
D:9:      layout_cave_pools, mainiacjoe_overflow_concentric_impassable,
          overflow_temple_1_default, david_lair_shrubbed, serial_gnoll_camp,
          gnoll_camp_mini_hut, gnoll_camp_medium_02, gnoll_camp_mini_doghouse,
          gnoll_camp_mini_basic, grunt_decor_mini_mirrors
D:10:     layout_cave_pools, mainiacjoe_overflow_brackets,
          mainiacjoe_overflow_boulevard, roderic_serpentine_path, uniq_erolcha,
          uniq_josephine
D:11:     layout_gridville, serial_shops, kennysheep_mini_moat, uniq_nergalle
D:12:     layout_roguey, kennysheep_orc_monster_closet_entryway,
          evilmike_butchery, uniq_nessos
D:13:     nzn_winding_woodlands_three_and_one
          [nzn_winding_woodlands_5x15_pockets,
          nzn_winding_woodlands_5x15_river_crossing,
          nzn_winding_woodlands_5x15_pool,
          nzn_winding_woodlands_center_pierced_h], layout_cross,
          ximxim_vaults_locker_room, nicolae_trove_entry_columns,
          marbit_kobold_abyssish, uniq_snorg, uniq_kirke
D:14:     layout_rooms, ashenzari_altar_1, minivault_20, minivault_15
D:15:     gammafunk_enter_depths_forms, layout_irregular_city,
          okawaru_metal_pillars_1_2
Lair:1:   layout_cave_pods, grunt_megastairs_1
Lair:2:   layout_regular_city, ebering_ghost_rock_garden
Lair:3:   layout_chaotic_city, swamp_mist_pool,
          nicolae_spider_entry_non_spiders, gammafunk_ghost_split,
          lemuel_fruit_fields, uniq_amaemon
Lair:4:   layout_regular_city, nicolae_slime_entry_field_trip
Lair:5:   cheibrodos_lair_end_hotspot, layout_long_grid
Swamp:1:  layout_basic_swamp, evilmike_swamp_ruin_rubble_2, swamp_pool_1_2
Swamp:2:  layout_basic_swamp, evilmike_swamp_ruin_house_3, swamp_pool_1_2,
          st_swamp_mini
Swamp:3:  layout_basic_swamp, evilmike_swamp_ruin_house_6, uniq_mara
Orc:1:    layout_caves, serial_shops, nicolae_shop_hallway_plus,
          portal_ice_cave_entry_ice_simulacra, nicolae_orc_stalacmites,
          nicolae_orc_crystal_geode
Orc:2:    grunt_orc_tribal_feast, layout_caves, basic_altar,
          nicolae_volcano_entry_batcave, nicolae_orc_beogh_chapel,
          uniq_saint_roka

Skill      XL: |  1  2  3  4  5  6  7  8  9 10 11 12 13 14 15 16 |
---------------+-------------------------------------------------+-----
Dodging        | 2 4 6 |  6.0
Stealth        | 2 4 6 8 |  8.0
Spellcasting   | 2 4 6 7 9 |  9.6
Conjurations   | 4 5 6 7 8 10 12 | 12.8
Fighting       | 1 2 4 8 10 | 10.0
Armour         | 1 2 4 6 |  6.0
Translocations | 1 3 4 |  4.0
Alchemy        | 2 |  2.0
Earth Magic    | 1 8 10 12 | 12.8
Throwing       | 2 |  2.0
Maces & Flails | 2 |  2.0
Evocations     | 2 |  2.0
Shields        | 2 11 12 | 12.8
Ice Magic      | 2 |  2.0

Action                     |  1- 3 |  4- 6 |  7- 9 | 10-12 | 13-15 | 16-18 || total
---------------------------+-------+-------+-------+-------+-------+-------++-------
  Melee: Unarmed           |    10 |       |       |       |       |       ||    10
         Dagger            |     5 |     3 |     1 |       |       |       ||     9
         War axe           |       |       |    12 |    21 |    24 |       ||    57
         Morningstar       |       |       |       |     2 |       |       ||     2
         Demon whip        |       |       |       |       |    31 |       ||    31
         Staff             |       |       |       |       |    17 |       ||    17
         Hand axe          |       |       |       |       |    15 |     3 ||    18
  Throw: Stone             |     1 |       |       |       |       |       ||     1
         Dart              |     1 |     4 |     9 |    24 |     4 |       ||    42
         Throwing net      |       |       |       |     2 |     1 |       ||     3
         Boomerang         |       |       |       |     1 |     2 |       ||     3
   Cast: Magic Dart        |    77 |    85 |   107 |   132 |     7 |       ||   408
         Searing Ray       |    10 |    20 |    67 |   162 |   109 |     3 ||   371
         Iskenderun's Myst |       |       |     2 |    57 |    37 |     4 ||   100
         Mephitic Cloud    |       |       |       |    27 |     1 |       ||    28
         Lee's Rapid Decon |       |       |       |     2 |   107 |     1 ||   110
         Bombard           |       |       |       |    42 |   412 |    39 ||   493
         Hailstorm         |       |       |       |       |    12 |     9 ||    21
         Irradiate         |       |       |       |       |       |     9 ||     9
  Evoke: Wand              |       |       |     1 |       |     2 |       ||     3
         Box of beasts     |       |       |       |       |     3 |       ||     3
    Use: Potion            |     1 |       |       |       |     2 |     2 ||     5
         Scroll            |       |       |       |    11 |    19 |     4 ||    34
   Stab: Sleeping          |       |     1 |     1 |       |       |       ||     2
         Confused          |       |       |       |     1 |       |       ||     1
         Distracted        |       |       |       |       |     2 |       ||     2
 Armour: Robe              |    15 |     8 |       |       |   111 |    38 ||   172
         Leather armour    |       |     3 |    67 |   215 |   174 |       ||   459
  Dodge: Dodged            |    26 |    16 |    42 |   158 |   233 |    29 ||   504
  Block: Buckler           |       |       |       |       |    60 |    20 ||    80
         Kite shield       |       |       |       |       |     8 |       ||     8
